 Dungeon Crawl Stone Soup version 0.30-a0-57-g8b159a9891 (webtiles) character file.

Game seed: 8248123318213705476

72 Malachi the Cutter (level 4, -2/33 HPs)
             Began as a Demonspawn Brigand on Sept 12, 2022.
             Slain by Natasha (7 damage)
             ... on level 1 of the Dungeon.
             The game lasted 00:02:49 (1834 turns).

Malachi the Cutter (Demonspawn Brigand)             Turns: 1834, Time: 00:02:50

Health: -2/33      AC:  9    Str: 11    XL:     4   Next: 6%
Magic:  4/4        EV: 11    Int: 13    God:
Gold:   140        SH:  0    Dex: 16    Spells: 3/3 levels left

rFire   . . .      SeeInvis .    a - +2 dagger
rCold   . . .      Faith    .    (no shield)
rNeg    . . .      Spirit   .    b - +0 robe
rPois   .          Reflect  .    (helmet restricted)
rElec   .          Harm     .    c - +0 cloak
rCorr   .          Rampage  .    (no gloves)
Will    .....                    (no boots)
Stlth   +++.......               (no amulet)
HPRegen 0.11/turn                (no ring)
MPRegen 0.09/turn                (no ring)

@: sanguine armoured, slowed, very slow
A: antennae 1, sanguine armour 1
a: no special abilities


You were on level 1 of the Dungeon.
You visited 1 branch of the dungeon, and saw 2 of its levels.

You collected 140 gold pieces.

Inventory:

Hand Weapons
 a - a +2 dagger (weapon)
Missiles
 d - 9 poisoned darts (quivered)
 e - 3 curare-tipped darts
 g - 5 javelins
Armour
 b - a +0 robe (worn)
 c - a +0 cloak (worn)
Scrolls
 h - a scroll of teleportation {unknown}
 i - a scroll of identify {unknown}
 j - a scroll of immolation {unknown}
Potions
 f - 3 potions of curing {unknown}


   Skills:
 - Level 2.0 Fighting
 + Level 4.0 Short Blades
 - Level 1.7 Throwing
 - Level 0.8 Dodging
 - Level 3.6 Stealth


You had 3 spell levels left.
You didn't know any spells.
Your spell library contained the following spells:

 Spells                   Type           Power      Damage    Failure   Level
 Slow                     Hex            0%         N/A       30%         1
 Confusing Touch          Hex            0%         N/A       67%         3
 Gell's Gravitas          Tloc           0%         N/A       67%         3
 Lesser Beckoning         Tloc           0%         N/A       67%         3
 Teleport Other           Tloc           0%         N/A       67%         3
 Vampiric Draining        Necr           0%         2d6       67%         3


Dungeon Overview and Level Annotations

Branches:
Dungeon (2/15)

Altars:

Shops:
D:1 :

Annotations:
D:1 Natasha


Innate Abilities, Weirdness & Mutations

You have a pair of small antennae on your head.
When seriously injured, your blood forms armour. (AC +6)


Message History

Natasha casts a spell at you. The magic dart hits you.
The endoplasm hits you but does no damage.
There is an escape hatch in the ceiling here.
Natasha claws you but does no damage.
The endoplasm hits you but does no damage.
Natasha closely misses you. A mysterious force pulls you upwards.
The hatch slams shut behind you.
The white imp disappears in a puff of smoke!
The crimson imp disappears in a puff of smoke!
The shadow imp disappears in a puff of smoke!
You are too injured to fight recklessly!
You are too injured to fight recklessly!
You are too injured to fight recklessly!
You are too injured to fight recklessly!
You hit Natasha.
Natasha is moderately wounded.
The endoplasm barely misses you. Natasha claws you but does no damage.
You hit Natasha.
Natasha is moderately wounded.
The endoplasm barely misses you. Natasha claws you.
You hit Natasha.
Natasha is severely wounded.
The endoplasm freezes you.
You are frozen.
Natasha closely misses you. The endoplasm closely misses you.
You hit Natasha.
Natasha is almost dead.
Natasha closely misses you. The endoplasm misses you.
You miss Natasha.
Natasha is almost dead.
Natasha claws you but does no damage. The endoplasm hits you.
* * * LOW HITPOINT WARNING * * *
Natasha barely misses you.
You hit Natasha.
Natasha is almost dead.
The endoplasm freezes you.
You are frozen.
* * * LOW HITPOINT WARNING * * *
Natasha claws you!
You die...

..########.########
..# #...#.#
..####.#.#.#
..'.....>#.#######
..####.#.........#
### #.#.#.#####.#
#.#.#...# #.#
#.#.###.# #h# #.#.#
#.# #@# #.#.# #.#
#J## #.#.# #.# #..#
#.#.# #.###.##
#.#.###.....#
##.#........##
#....######.#
####........#
######∩#.########


You could see Natasha and an endoplasm.

Vanquished Creatures
  4 adders (D:2)
  4 dart slugs
  4 ball pythons
  2 giant cockroaches
  A goblin (D:2)
  2 hobgoblins
  6 jackals
  A kobold (D:1)
  2 frilled lizards
  2 rats (D:2)
28 creatures vanquished.

Notes
Turn   | Place    | Note
-------+----------+-------------------------------------------
     0 | D:1      | Malachi the Demonspawn Brigand began the quest for the Orb.
     0 | D:1      | Reached XP level 1. HP: 16/16 MP: 1/1
    41 | D:1      | Found a faded altar of an unknown god.
   102 | D:1      | Reached skill level 2 in Short Blades
   150 | D:1      | Found Bezeag's Book Shoppe.
   253 | D:1      | Gained mutation: You have a pair of small antennae on your
                  | head. [demonic ancestry]
   253 | D:1      | Reached XP level 2. HP: 20/22 MP: 2/2
  1038 | D:2      | Reached skill level 3 in Short Blades
  1241 | D:2      | Reached XP level 3. HP: 16/27 MP: 3/3
  1784 | D:2      | Reached skill level 4 in Short Blades
  1784 | D:2      | Gained mutation: When seriously injured, your blood forms
                  | armour. (AC +6) [demonic ancestry]
  1784 | D:2      | Reached XP level 4. HP: 31/33 MP: 4/4
  1804 | D:2      | Noticed Natasha
  1834 | D:1      | Slain by Natasha

Illustrated notes

Levels and vault maps discovered:
D:1:      eino_arrival_cavern_b, layout_basic, serial_shops,
          nicolae_shop_window_shopping, shapermc_ecumenical_altar_mp_highgroup
D:2:      layout_basic, dk_noncrumbling_2, kennysheep_boxes, uniq_natasha

Skill      XL: |  1  2  3 |
---------------+----------+-----
Short Blades   | 2 3 4 |  4.0
Fighting       | |  2.0
Throwing       | |  1.7
Dodging        | |  0.8
Stealth        | |  3.6

Action                   |  1- 3 |  4- 6 || total
-------------------------+-------+-------++-------
Melee: Dagger            |   119 |    11 ||   130
       Punch             |     2 |       ||     2
 Stab: Sleeping          |     4 |       ||     4
Armor: Robe              |    32 |    11 ||    43
Dodge: Dodged            |    62 |    17 ||    79

Table legend: (Time is in decaauts)
 A = Elapsed time spent in this place.
 B = Non-inter-level travel time spent in this place.
 C = Inter-level travel time spent in this place.
 D = Time resting spent in this place.
 E = Time spent auto-exploring this place.
 F = Levels seen in this place.
 G = Mean time per level.
                   A        B        C        D        E       F      G
               +--------+--------+--------+--------+--------+-----+--------+
         Total |   1823 |   1757 |     66 |    207 |   1243 |   2 |  911.5 |
       Dungeon |   1823 |   1757 |     66 |    207 |   1243 |   2 |  911.5 |
               +--------+--------+--------+--------+--------+-----+--------+

Top non-repeatable levels by time:
     D:1: 1120 daAuts
     D:2: 703 daAuts
